 Dungeon Crawl Stone Soup version 0.28-a0-664-gc179e30c89 (webtiles) character file.

Game seed: 10089239933836649649

60 vbjsbvbs the Digger (level 4, -2/24 HPs)
             Began as a Gargoyle Earth Elementalist on Oct 16, 2021.
             Slain by Sigmund (5 damage)
             ... on level 2 of the Dungeon.
             The game lasted 00:03:56 (2945 turns).

vbjsbvbs the Digger (Gargoyle Earth Elementalist)   Turns: 2945, Time: 00:03:56

Health: -2/24      AC:  6    Str: 11    XL:     4   Next: 4%
Magic:  1/8        EV: 11    Int: 17    God:
Gold:   53         SH:  0    Dex: 10    Spells: 5/9 levels left

rFire   . . .      SeeInvis .   d - +0 short sword
rCold   . . .      Faith    .   (no shield)
rNeg    + . .      Spirit   .   b - +0 robe
rPois   ∞          Reflect  .   (no helmet)
rElec   +          Harm     .   f - +0 cloak
rCorr   .          Rampage  .   (no gloves)
Will    .....                   (no boots)
Stlth   ++........              (no amulet)
HPRegen 0.08/turn               (no ring)
MPRegen 0.11/turn               (no ring)

@: mighty, very slightly contaminated
A: sickness immunity, AC +3, negative energy resistance 1, electricity
resistance, torment resistance 1, petrification resistance
a: no special abilities


You were on level 2 of the Dungeon.
You visited 1 branch of the dungeon, and saw 2 of its levels.

You collected 53 gold pieces.

Inventory:

Hand Weapons
 d - a +0 short sword (weapon)
Missiles
 c - 40 stones
Armour
 b - a +0 robe (worn)
 f - a +0 cloak (worn)
Scrolls
 i - a scroll of teleportation
Potions
 h - a potion of cancellation {unknown}
 j - a potion of brilliance {unknown}


   Skills:
 - Level 1.5 Dodging
 - Level 2.1 Stealth
 + Level 3.0 Spellcasting
 + Level 1.1 Conjurations
 - Level 0.7 Transmutations
 + Level 4.7 Earth Magic


You had 5 spell levels left.
You knew the following spells:

 Your Spells              Type           Power      Damage    Failure   Level
a - Sandblast             Erth           36%        2d10      2%          1
b - Stone Arrow           Conj/Erth      24%        3d8       16%         3

Your spell library contained the following spells:

 Spells                   Type           Power      Damage    Failure   Level
 Passwall                 Tmut/Erth      9%         N/A       9%          2
 Freeze                   Ice            8%         1d3       17%         1
 Frozen Ramparts          Ice            4%         1d2       45%         3
 Petrify                  Tmut/Erth      11%        N/A       50%         4
 Hailstorm                Conj/Ice       4%         3d4       80%         4


Dungeon Overview and Level Annotations

Branches:
Dungeon (2/15)

Altars:
Beogh

Annotations:
D:2 Sigmund, Terence


Innate Abilities, Weirdness & Mutations

You are immune to sickness and miasma.
Your stone body is resilient. (AC +3)
You are immune to poison.
You resist negative energy. (rN+)
You are resistant to electric shocks. (rElec)
You are resistant to unholy torment.
You are immune to petrification.


Message History

Confirm with . or Enter, or press ? or * to list all spells.
Aiming: Sandblast (safe; 2% risk of failure)
Press: ? - help, Shift-Dir - straight line, f/p - Sigmund
Aim: Sigmund, wielding a +2 scythe of freezing and wearing a +0 robe (77% to hit)
The blast of sand misses Sigmund.
Sigmund hits you from afar with a +2 scythe of freezing!
Sigmund freezes you.
Casting: Sandblast (safe; 2% risk of failure)
Confirm with . or Enter, or press ? or * to list all spells.
Aiming: Sandblast (safe; 2% risk of failure)
Press: ? - help, Shift-Dir - straight line, f/p - Sigmund
Aim: Sigmund, wielding a +2 scythe of freezing and wearing a +0 robe (77% to hit)
You miscast Sandblast.
Nothing appears to happen.
Sigmund hits you but does no damage.
Casting: Sandblast (safe; 2% risk of failure)
Confirm with . or Enter, or press ? or * to list all spells.
Aiming: Sandblast (safe; 2% risk of failure)
Press: ? - help, Shift-Dir - straight line, f/p - Sigmund
Aim: Sigmund, wielding a +2 scythe of freezing and wearing a +0 robe (77% to hit)
The blast of sand misses Sigmund.
Unknown command.
You feel better. Sigmund barely misses you.
Unknown command.
Casting: Sandblast (safe; 2% risk of failure)
Confirm with . or Enter, or press ? or * to list all spells.
Aiming: Sandblast (safe; 2% risk of failure)
Press: ? - help, Shift-Dir - straight line, f/p - Sigmund
Aim: Sigmund, wielding a +2 scythe of freezing and wearing a +0 robe (77% to hit)
The blast of sand hits Sigmund!
Sigmund is moderately wounded.
Sigmund hits you from afar with a +2 scythe of freezing.
Sigmund freezes you.
It was a potion of might.
You feel very mighty all of a sudden.
Unknown command.
Unknown command.
Sigmund hits you with a +2 scythe of freezing!
* * * LOW HITPOINT WARNING * * *
Sigmund freezes you.
You die...

#.####.# #.# #.# #.####.#
#....#.## ##########
#######.....# #.?......K
............#######.........
######.........)..'.........
#............######.........
#####.####......@##..†....<..##
...........#.###.@..##.......#
.####...####.# #######.......#
.####....# #.# .............#
.............. .............#
.###...#.###.# ..........@..#
.......#.# ... .............#
..#....#.# ######......##
..#..... ........#


You could see Sigmund.

Vanquished Creatures
  An adder (D:2)
  A dart slug (D:1)
  5 bats
  5 endoplasms (D:1)
  2 giant cockroaches (D:1)
  6 goblins
  4 hobgoblins
  2 jackals (D:2)
  2 quokkas (D:1)
  2 ball pythons
  5 frilled lizards
  4 kobolds
  3 rats (D:1)
42 creatures vanquished.

Notes
Turn   | Place    | Note
-------+----------+-------------------------------------------
     0 | D:1      | vbjsbvbs the Gargoyle Earth Elementalist began the quest
                  | for the Orb.
     0 | D:1      | Reached XP level 1. HP: 10/10 MP: 3/3
   680 | D:1      | Reached XP level 2. HP: 11/15 MP: 5/5
   773 | D:1      | Reached skill level 4 in Earth Magic
  1718 | D:1      | Reached XP level 3. HP: 19/19 MP: 6/6
  1729 | D:1      | Learned a level 3 spell: Stone Arrow
  2347 | D:1      | Found a faded altar of an unknown god.
  2529 | D:2      | Noticed Terence
  2730 | D:2      | Reached skill level 1 in Conjurations
  2906 | D:2      | Reached XP level 4. HP: 20/24 MP: 8/8
  2926 | D:2      | Noticed Sigmund
  2945 | D:2      | Slain by Sigmund

Illustrated notes

Levels and vault maps discovered:
D:1:      amcnicky_arrival_underground_garden, layout_basic,
          hellmonk_ecumenical_altar_defaced_shrine, amethyst_killhole,
          st_stairs_6
D:2:      layout_basic, grunt_ministairs_7, uniq_terence, uniq_sigmund,
          uniq_crazy_yiuf_cottage

Skill      XL: |  1  2  3  4 |
---------------+-------------+-----
Earth Magic    | 4 |  4.7
Conjurations   | 1 |  1.1
Spellcasting   | 3 |  3.0
Dodging        | |  1.5
Stealth        | |  2.1
Transmutations | |  0.7

Action                   |  1- 3 |  4- 6 || total
-------------------------+-------+-------++-------
Melee: Unarmed           |    12 |       ||    12
       Short sword       |   125 |     3 ||   128
       Dagger            |    10 |       ||    10
 Cast: Sandblast         |    15 |     4 ||    19
       Stone Arrow       |     1 |       ||     1
  Use: Scroll            |     1 |     1 ||     2
       Potion            |       |     2 ||     2
 Stab: Sleeping          |     6 |       ||     6
       Distracted        |     1 |       ||     1
Armor: Robe              |    64 |     1 ||    65
Dodge: Dodged            |   116 |     4 ||   120

Table legend: (Time is in decaauts)
 A = Elapsed time spent in this place.
 B = Non-inter-level travel time spent in this place.
 C = Inter-level travel time spent in this place.
 D = Time resting spent in this place.
 E = Time spent auto-exploring this place.
 F = Levels seen in this place.
 G = Mean time per level.
                   A        B        C        D        E       F      G
               +--------+--------+--------+--------+--------+-----+--------+
         Total |   2956 |   2943 |     13 |    235 |   2280 |   2 | 1478.0 |
       Dungeon |   2956 |   2943 |     13 |    235 |   2280 |   2 | 1478.0 |
               +--------+--------+--------+--------+--------+-----+--------+

Top non-repeatable levels by time:
     D:1: 2461 daAuts
     D:2: 495 daAuts
